 Dungeon Crawl Stone Soup version bcrawl-1.27.8b (webtiles) character file.

Game seed: 4685040954076448508

142127 LostNumber the Ducker (level 4, -3/31 HPs)
             Began as a Fairy Fighter on Oct 30, 2020.
             Was an Initiate of Okawaru.
             Slain by a goblin
             ... wielding a +0 club
              (4 damage)
             ... on level 2 of the Dungeon.
             The game lasted 00:01:57 (1349 turns).

LostNumber the Ducker (Fairy Fighter)               Turns: 1349, Time: 00:01:57

Health: -3/31      AC:  4    Str: 19    XL:     4   Next: 20%
Magic:  6/6        EV: 12    Int: 12    God:    Okawaru [......]
Gold:   30         SH:  0    Dex: 12    Spells: 3/3 levels left

rFire    . . .     SeeInvis .   a - +0 long sword
rCold    . . .     Gourm    .   b - +0 medium shield
rNeg     . . .     Faith    .   (armour unavailable)
rPois    .         Spirit   .   (no helmet)
rElec    .         Reflect  .   (no cloak)
rCorr    .         Harm     .   (no gloves)
MR       .....                  (no boots)
Stlth    ..........             (no amulet)
HPRegen  0.10/turn              (no ring)
MPRegen  0.10/turn              (no ring)

@: confused, mighty, flying evasively
A: small, magic attunement, unstealthy, unfitting armour, able to fly, AC/SH +4
a: Stop Flying, Renounce Religion


You were on level 2 of the Dungeon.
You worshipped Okawaru.
Okawaru was noncommittal.
You were hungry.

You visited 1 branch of the dungeon, and saw 2 of its levels.

You collected 30 gold pieces.

Inventory:

Hand Weapons
 a - a +0 long sword (weapon)
Armour
 b - a +0 medium shield (worn)
Scrolls
 d - a scroll of remove curse {unknown}
 f - a scroll of blinking {unknown}
 h - a scroll of identify {@r1}
 i - a scroll of enchant armour {unknown}
 j - 2 scrolls of enchant weapon {unknown}
 l - a scroll of teleportation {unknown}
Potions
 c - a potion of might
 k - a potion of berserk rage {unknown}
 m - a potion of curing {unknown}
Comestibles
 e - 4 rations {!d!d}
 g - 9 chunks of flesh


   Skills:
 + Level 3.1 Fighting
 * Level 2.5 Long Blades
 + Level 4.6 Dodging
 + Level 4.1 Shields
 + Level 0.2 Invocations


You had 3 spell levels left.
You didn't know any spells.
Your spell library was empty.

Dungeon Overview and Level Annotations

Branches:
Dungeon (2/12)

Altars:
Nemelex Xobeh
Okawaru


Innate Abilities, Weirdness & Mutations

Your spells do not cause hunger and MP costs are reduced by 1.
Your bright wings attract enemies. (Stealth-)
You cannot fit into any form of body armour.
Your shimmering scales are hard and can block incoming attacks. (AC +4, SH +4)
You are small and have problems with some larger weapons.
You can fly continuously.


Message History

You resist with some effort.
You closely miss the orc wizard. The goblin hits you but does no damage.
You block the orc wizard's attack.
You completely miss the orc wizard. The goblin completely misses you.
The orc wizard gestures at you while chanting.
The magic dart hits you.
* * * LOW HITPOINT WARNING * * *
The giant cockroach waves its antennae.
You block the goblin's attack.
You hit the orc wizard.
The orc wizard looks satisfied for a moment.
You block the goblin's attack.
Your shield prevents you from hitting the orc wizard.
The orc wizard casts a spell.
The orc wizard flickers and vanishes!
Deactivating autopickup; reactivate with Ctrl-A.
You block the goblin's attack. You block something's attack.
You closely miss something. You block the goblin's attack.
Something hits you but does no damage.
You hit something. The goblin hits you but does no damage. Something hits you.
* * * LOW HITPOINT WARNING * * *
Okay, then.
You feel very mighty all of a sudden. You block something's attack.
The goblin closely misses you.
Unknown command.
You hit something. Something hits you but does no damage.
You block the goblin's attack.
You hear some strange, mumbled words.
A magic dart appears from out of thin air!
The magic dart hits you.
* * * LOW HITPOINT WARNING * * *
You closely miss something. The goblin misses you. Something hits you.
* * * LOW HITPOINT WARNING * * *
You block the goblin's attack.
Your shield prevents you from hitting something.
Something hits you but does no damage. You block the goblin's attack.
You miss something. You block something's attack.
The goblin closely misses you.
You hear some strange, mumbled words.
You are confused.
You closely miss something. The goblin hits you with a +0 club.
* * * LOW HITPOINT WARNING * * *
Something hits you.
* * * LOW HITPOINT WARNING * * *
You miss something. The goblin hits you with a +0 club.
You die...

#......######+####
#.....###
###.%%..s........#
#..#### #
##.....(s......#
#..######
#.............#
#........
#......h......#
#.#######
##########h########.#
##### #s# #....#.#
#.... #{# #....#.#
#....
##########@###....#.#
#....
.........g.#.'....'.#
#....
...........#.#....###
#....
...........#.#...<#
#....
...........#.#....#
#....
..........##.#....#
###....
..........##)#....#
#.+....
######'####.#....#
#.#.... #.# #.######
#.#####


You could see a jackal, a giant cockroach and a goblin.

Vanquished Creatures
  4 gnolls
  3 dart slugs
  A leopard gecko (D:2)
  A bat (D:2)
  A giant cockroach (D:2)
  2 goblins
  3 hobgoblins
  3 jackals (D:2)
  2 kobolds
  A ball python (D:2)
  3 frilled lizards
24 creatures vanquished.

Notes
Turn   | Place    | Note
-------+----------+-------------------------------------------
     0 | D:1      | LostNumber the Fairy Fighter began the quest for the Orb.
     0 | D:1      | Reached XP level 1. HP: 15/15 MP: 3/3
   402 | D:1      | Reached XP level 2. HP: 7/20 MP: 4/4
   872 | D:2      | Found a sparkling altar of Nemelex Xobeh.
  1117 | D:2      | Reached XP level 3. HP: 22/25 MP: 5/5
  1194 | D:2      | Found an iron altar of Okawaru.
  1257 | D:2      | Reached XP level 4. HP: 31/31 MP: 6/6
  1266 | D:2      | Became a worshipper of Warmaster Okawaru
  1348 | D:2      | HP: 1/31 [something (1)]
  1349 | D:2      | Slain by a goblin

Skill      XL: |  1  2  3 |
---------------+----------+-----
Long Blades    | 2 |  2.5
Shields        | 4 |  4.1
Fighting       | 3 |  3.1
Dodging        | |  4.6
Invocations    | |  0.2

Action                   |  1- 3 |  4- 6 || total
-------------------------+-------+-------++-------
Melee: Long sword        |   102 |    33 ||   135
  Use: Potion            |       |     1 ||     1
  Eat: Chunk             |     4 |     1 ||     5
Armor: Skin              |    15 |    12 ||    27
Dodge: Dodged            |    30 |    31 ||    61
Block: Medium shield     |    70 |    48 ||   118
